 Dungeon Crawl Stone Soup version 0.27-a0-1242-ge70438ac7b (webtiles) character file.

Game seed: 935118275233509944

642 Glokmah the Jester (level 7, -3/51 HPs)
             Began as a Demonspawn Hedge Wizard on June 9, 2021.
             Was a Follower of Nemelex Xobeh.
             Slain by a steam dragon (4 damage)
             ... on level 4 of the Dungeon.
             The game lasted 00:09:51 (5029 turns).

Glokmah the Jester (Demonspawn Hedge Wizard)        Turns: 5029, Time: 00:09:52

Health: -3/51      AC:  4    Str: 12    XL:     7   Next: 26%
Magic:  0/12       EV: 12    Int: 16    God:    Nemelex Xobeh [*.....]
Gold:   229        SH:  0    Dex: 12    Spells: 1/13 levels left

rFire    . . .     SeeInvis .   a - +5 spear (vamp)
rCold    . . .     Faith    .   (no shield)
rNeg     . . .     Spirit   +   r - +0 robe
rPois    .         Reflect  .   t - +1 helmet
rElec    .         Harm     .   (no cloak)
rCorr    +         Rampage  .   (no gloves)
Will     .....                  (no boots)
Stlth    ++........             i - amulet of guardian spirit
HPRegen  0.17/turn              k - ring of resist corrosion
MPRegen  0.13/turn              (no ring)

@: no status effects
A: spiny 2
a: Renounce Religion, Draw Escape, Draw Destruction, Draw Summoning


You were on level 4 of the Dungeon.
You worshipped Nemelex Xobeh.
Nemelex Xobeh was aware of your devotion.
You visited 1 branch of the dungeon, and saw 5 of its levels.

You collected 229 gold pieces.

Inventory:

Hand Weapons
 a - a +5 vampiric spear (weapon)
 b - a +5 war axe of flaming
Missiles
 f - 23 sling bullets
Armour
 c - a +0 hat
 g - a +0 leather armour
 r - a +0 robe (worn)
 t - a +1 helmet (worn)
Jewellery
 i - an amulet of guardian spirit (around neck)
 k - a ring of resist corrosion (left hand)
Wands
 j - a wand of flame (31)
Scrolls
 l - a scroll of magic mapping
 m - 2 scrolls of identify
Potions
 d - 3 potions of attraction {unknown}
 e - a potion of flight {unknown}
 h - a potion of haste {unknown}
 n - a potion of resistance {unknown}
 o - a potion of curing {unknown}
 p - a potion of degeneration {unknown}
 q - 3 potions of mutation
 s - a potion of brilliance {unknown}
 u - a potion of ambrosia {unknown}
 v - a potion of heal wounds {unknown}


   Skills:
 + Level 2.4 Fighting
 - Level 1.7 Dodging
 - Level 1.7 Stealth
 + Level 3.8 Spellcasting
 + Level 2.7 Conjurations
 * Level 3.9 Summonings
 - Level 2.0 Translocations
 + Level 1.3 Air Magic
 + Level 1.5 Poison Magic
 * Level 4.4 Invocations


You had one spell level left.
You knew the following spells:

 Your Spells              Type           Power      Damage    Failure   Level
a - Magic Dart            Conj           44%        1d5       5%          1
b - Call Imp              Summ           15%        N/A       5%          2
c - Blink                 Tloc           N/A        N/A       12%         2
d - Mephitic Cloud        Conj/Pois/Air  9%         N/A       24%         3
e - Summon Lightning Spi  Summ/Air       11%        N/A       50%         4

Your spell library contained the following spells:

 Spells                   Type           Power      Damage    Failure   Level
 Summon Small Mammal      Summ           60%        N/A       3%          1
 Call Canine Familiar     Summ           15%        N/A       11%         3
 Summon Guardian Golem    Hex/Summ       9%         N/A       22%         3
 Slow                     Hex            3%         N/A       26%         2
 Conjure Flame            Conj/Fire      7%         6-21      30%         3
 Summon Ice Beast         Ice/Summ       9%         N/A       58%         4


Dungeon Overview and Level Annotations

Branches:
Dungeon (5/15)             Temple (0/1) D:4

Altars:
Nemelex Xobeh
The Shining One

Annotations:
D:5 Edmund


Innate Abilities, Weirdness & Mutations

You are mostly covered in sharp spines.


Message History

You could not reach far enough!
Your killer bee stings Edmund.
Edmund hits your killer bee with a +3 vorpal flail!
Your killer bee dies!
Your killer bee's corpse disappears in a puff of smoke!
The steam dragon breathes steam at you.
The ball of steam hits your killer bee!!
Your killer bee dies!
Your killer bee's corpse disappears in a puff of smoke!
The ball of steam hits you!
Your killer bee stings Edmund but does no damage.
You hear a shout! x3
Your killer bee stings Edmund.
Edmund is poisoned.
Your killer bee poisons Edmund!
Edmund hits your killer bee with a +3 vorpal flail.
Your killer bee stings Edmund but does no damage.
Found 6 stones.
Found a stone staircase leading up.
An orc comes into view. It is wielding a +0 whip.
Your killer bee is engulfed in a cloud of scalding steam.
Your killer bee closely misses Edmund.
Edmund hits your killer bee with a +3 vorpal flail!
Your killer bee dies!
Your killer bee's corpse disappears in a puff of smoke!
The steam dragon breathes steam at you. The ball of steam misses you.
Edmund shouts!
There is a stone staircase leading up here.
You are engulfed in a cloud of scalding steam.
The steam dragon bites you. The steam dragon barely misses you.
You climb upwards.
There is a stone staircase leading down here.
Unknown command.
You hit the steam dragon but do no damage.
The steam dragon breathes steam at you. The ball of steam hits you!!
* * * LOW HITPOINT WARNING * * *
Unknown command.
The steam dragon is struck by your spines.
The steam dragon bites you.
You die...
Your body glows slightly and disappears.

####### ##### #>....# #....
#.....# #.... #.....# #..##
#.§§..# #..#) #§§§D.### #..#(
#.§@....## ####..#$
#.....#..####.....## ####
#####....#.............
...########PPP###......######....
...#.....#P...P#...#.#.# #.....
...#.....#P.>.P#..#..#.#####.....
...#.....#P...P#....##....##.....
...#.....##P.P###.#.###...##)....
...#####.###'####.#.#............


You could see a steam dragon.

Vanquished Creatures
  Sigmund (D:2)
  Eustachio (D:4)
  Menkaure (D:4)
  Blork the orc (D:4)
  A water moccasin zombie (D:3)
  Natasha (twice) (D:4)
  4 gnolls (D:4)
  2 adders
  An adder skeleton (D:4)
  A worm (D:3)
  A dart slug (D:3)
  5 ball pythons
  5 bats
  3 endoplasms (D:1)
  A giant cockroach (D:2)
  11 goblins
  12 hobgoblins
  6 jackals
  A quokka (D:1)
  2 frilled lizards
  A kobold (D:3)
  4 rats
67 creatures vanquished.

Vanquished Creatures (collateral kills)
  Natasha (D:4)
  Robin (D:3)
  An adder (D:2)
  A worm (D:2)
  A ball python (D:2)
  3 hobgoblins
  A jackal (D:1)
  A kobold (D:3)
  A quokka (D:2)
  2 goblins (D:3)
13 creatures vanquished.

Vanquished Creatures (others)
  3 demonic plants (D:2)
  3 fungi (D:2)
  3 plants (D:2)
  4 withered plants (D:2)
13 creatures vanquished.

Grand Total: 93 creatures vanquished

Notes
Turn   | Place    | Note
-------+----------+-------------------------------------------
     0 | D:1      | Glokmah the Demonspawn Hedge Wizard began the quest for the
                  | Orb.
     0 | D:1      | Reached XP level 1. HP: 13/13 MP: 4/4
    45 | D:1      | Reached skill level 1 in Translocations
   288 | D:1      | Gained mutation: You are partially covered in sharp spines.
                  | [demonic ancestry]
   288 | D:1      | Reached XP level 2. HP: 20/20 MP: 1/6
   860 | D:1      | Learned a level 2 spell: Call Imp
  1181 | D:2      | Found a sparkling altar of Nemelex Xobeh.
  1190 | D:2      | Reached skill level 1 in Fighting
  1190 | D:2      | Reached XP level 3. HP: 26/26 MP: 0/7
  1196 | D:2      | Became a worshipper of Nemelex Xobeh the Trickster
  1289 | D:2      | Noticed Sigmund
  1298 | D:2      | Killed Sigmund
  1299 | D:2      | Reached skill level 1 in Invocations
  1299 | D:2      | Reached XP level 4. HP: 26/32 MP: 6/9
  1451 | D:2      | Found a faded altar of an unknown god.
  1484 | D:2      | Reached skill level 2 in Invocations
  1665 | D:2      | Learned a level 2 spell: Blink
  1823 | D:2      | Reached XP level 5. HP: 37/37 MP: 6/10
  2271 | D:3      | Noticed Robin
  2867 | D:3      | Learned a level 3 spell: Mephitic Cloud
  3283 | D:3      | Killed Robin
  3846 | D:4      | Noticed Eustachio
  3876 | D:4      | Reached * piety under Nemelex Xobeh
  4034 | D:4      | Killed Eustachio
  4035 | D:4      | Reached skill level 3 in Invocations
  4035 | D:4      | Gained mutation: You are mostly covered in sharp spines.
                  | [demonic ancestry]
  4035 | D:4      | Reached XP level 6. HP: 17/44 MP: 3/11
  4227 | D:3      | Learned a level 4 spell: Summon Lightning Spire
  4241 | D:4      | Noticed Natasha
  4248 | D:4      | Killed Natasha
  4295 | D:4      | Received a gift from Nemelex Xobeh
  4319 | D:4      | Noticed Natasha
  4324 | D:4      | Killed Natasha
  4325 | D:4      | Reached skill level 1 in Poison Magic
  4362 | D:4      | Found a staircase to the Ecumenical Temple.
  4408 | D:4      | Noticed Blork the orc
  4412 | D:4      | Killed Blork the orc
  4413 | D:4      | Reached skill level 1 in Air Magic
  4494 | D:4      | Noticed Menkaure
  4494 | D:4      | Noticed Natasha
  4502 | D:4      | Killed Natasha
  4503 | D:4      | Reached skill level 4 in Invocations
  4508 | D:4      | Killed Menkaure
  4509 | D:4      | Reached XP level 7. HP: 15/51 MP: 6/12
  4961 | D:5      | Entered Level 5 of the Dungeon
  5016 | D:5      | Noticed Edmund
  5016 | D:5      | Noticed a steam dragon
  5028 | D:4      | HP: 1/51 [steam dragon/ball of steam (23)]
  5029 | D:4      | Slain by a steam dragon

Illustrated notes

Levels and vault maps discovered:
D:1:      lightli_arrival_boilingwater, layout_loops_ring, minmay_hedge_maze
D:2:      layout_basic, shapermc_ecumenical_altar_gd, basic_altar,
          serial_forest, infiniplex_forest_end_3,
          infiniplex_forest_lined_room_3, infiniplex_forest_clump_tiny,
          infiniplex_forest_straight_5, infiniplex_forest_straight_4,
          uniq_sigmund
D:3:      layout_basic, general_overflow_altar, minmay_misc_feat_iff, uniq_robin
D:4:      layout_rooms, minmay_temple_entry_enclosed_plants,
          due_unseen_surprise, uniq_eustachio, uniq_menkaure,
          uniq_blork_the_orc, uniq_natasha
D:5:      layout_basic, uniq_crazy_yiuf_cottage, uniq_edmund

Skill      XL: |  1  2  3  4  5  6 |
---------------+-------------------+-----
Translocations | 1 2 |  2.0
Fighting       | 1 2 |  2.4
Summonings     | 2 3 |  3.9
Invocations    | 1 2 3 4 |  4.4
Conjurations   | 2 |  2.7
Poison Magic   | 1 |  1.5
Air Magic      | 1 |  1.3
Dodging        | |  1.7
Stealth        | |  1.7
Spellcasting   | |  3.8

Action                   |  1- 3 |  4- 6 |  7- 9 || total
-------------------------+-------+-------+-------++-------
Melee: Dagger            |    40 |     5 |       ||    45
       Spear             |       |    52 |     2 ||    54
       War axe           |       |     5 |     1 ||     6
 Cast: Magic Dart        |    39 |    63 |       ||   102
       Call Imp          |     7 |    21 |       ||    28
Invok: Draw Destruction  |       |     3 |       ||     3
       Draw Summoning    |       |       |     1 ||     1
  Use: Scroll            |       |     5 |       ||     5
 Stab: Distracted        |       |     1 |       ||     1
       Sleeping          |       |     1 |       ||     1
Armor: Robe              |    11 |     7 |     1 ||    19
Dodge: Dodged            |    38 |    29 |     2 ||    69

Table legend: (Time is in decaauts)
 A = Elapsed time spent in this place.
 B = Non-inter-level travel time spent in this place.
 C = Inter-level travel time spent in this place.
 D = Time resting spent in this place.
 E = Time spent auto-exploring this place.
 F = Levels seen in this place.
 G = Mean time per level.
                   A        B        C        D        E       F      G
               +--------+--------+--------+--------+--------+-----+--------+
         Total |   5059 |   4644 |    415 |   1382 |   2549 |   5 | 1011.8 |
       Dungeon |   5059 |   4644 |    415 |   1382 |   2549 |   5 | 1011.8 |
               +--------+--------+--------+--------+--------+-----+--------+

Top non-repeatable levels by time:
     D:3: 1673 daAuts
     D:2: 1230 daAuts
     D:1: 1179 daAuts
     D:4: 963 daAuts
     D:5: 13 daAuts
